 Dungeon Crawl Stone Soup version 0.30.1-11-g7821555f0a (webtiles) character file.

Game seed: 52955343636510251

469 Okkudo the Cleaver (level 7, -6/58 HPs)
             Began as a Hill Orc Monk on Dec 6, 2023.
             Mangled by an iguana (8 damage)
             ... on level 5 of the Dungeon.
             The game lasted 00:10:25 (3801 turns).

Okkudo the Cleaver (Hill Orc Monk)                  Turns: 3801, Time: 00:10:25

Health: -6/58      AC:  9    Str: 16    XL:     7   Next: 9%
Magic:  7/7        EV:  3    Int: 10    God:
Gold:   276        SH: 10    Dex: 13    Spells: 6/6 levels left

rFire   . . .        g - +0 war axe
rCold   + . .        u - +0 tower shield
rNeg    . . .        t - +0 chain mail
rPois   .            b - +0 helmet
rElec   .            (no cloak)
rCorr   .            (no gloves)
SInv    .            (no boots)
Will    .....        (no amulet) Stlth
                     z - ring of protection from cold
HPRegen 0.29/turn    (no ring)
MPRegen 0.10/turn

%: no passive effects
@: no status effects
A: no striking features
a: no special abilities


You were on level 5 of the Dungeon.
You visited 1 branch of the dungeon, and saw 5 of its levels.

You collected 276 gold pieces.

Inventory:

Hand Weapons
 g - a +0 war axe (weapon)
Missiles
 q - 10 poisoned darts (quivered)
Armour
 b - a +0 helmet (worn)
 t - a +0 chain mail (worn)
 u - a +0 tower shield (worn)
Jewellery
 z - a ring of protection from cold (left hand)
Wands
 r - a wand of mindburst (20)
 A - a wand of quicksilver (2)
Scrolls
 f - 2 scrolls of poison
 h - a scroll of fear {unknown}
 i - 2 scrolls of acquirement
 k - a scroll of vulnerability {unknown}
 m - 2 scrolls of fog
 v - 2 scrolls of butterflies {unknown}
 x - a scroll of immolation {unknown}
 y - 2 scrolls of teleportation {unknown}
 B - a scroll of enchant armour {unknown}
Potions
 a - 4 potions of curing
 c - a potion of ambrosia
 d - 2 potions of attraction {unknown}
 e - a potion of berserk rage {unknown}
 j - 2 potions of heal wounds {unknown}
 l - a potion of brilliance
 n - 4 potions of degeneration
 o - 2 potions of mutation {unknown}
 s - 2 potions of lignification {unknown}
 w - a potion of invisibility {unknown}


   Skills:
 - Level 3.9 Fighting
 * Level 10.0 Axes
 - Level 2.6 Dodging


You had 6 spell levels left.
You didn't know any spells.
Your spell library contained the following spells:

 Spells                   Type           Power      Damage    Failure   Level
 Sublimation of Blood     Necr           0%         N/A       100%        2
 Wereblood                Tmut           0%         N/A       100%        2
 Call Canine Familiar     Summ           0%         N/A       100%        3
 Inner Flame              Hex/Fire       0%         N/A       100%        3
 Portal Projectile        Hex/Tloc       0%         N/A       100%        3
 Flame Wave               Conj/Fire      0%         2d4       100%        4
 Leda's Liquefaction      Hex/Erth       0%         N/A       100%        4
 Petrify                  Tmut/Erth      0%         N/A       100%        4
 Sticky Flame             Conj/Fire      0%         2d3       100%        4
 Irradiate                Conj/Tmut      0%         3d11      100%        5
 Summon Hydra             Summ           0%         N/A       100%        7


Dungeon Overview and Level Annotations

Branches:
Dungeon (5/15)             Temple (0/1) D:4

Altars:
Makhleb
Uskayaw
Vehumet
Xom
Yredelemnul

Shops:
D:3 =


Message History

Your Axes skill increases to level 10!
You slash the orc!
You kill the orc!
You hit the orc but do no damage. The orc hits you with a +0 flail.
You hit the orc.
The orc is lightly wounded.
You completely miss the orc. The orc hits you with a +0 flail.
You block the orc's attack.
You hit the orc.
The orc is almost dead.
You hit the orc. You block the orc's attack. The orc hits you with a +0 flail.
The orc barely misses you. You block the orc's attack.
You slash the orc!
You kill the orc!
You closely miss the orc. You block the orc's attack.
You hit the orc.
You kill the orc!
You slash the iguana!
The iguana is heavily wounded.
The iguana bites you. The iguana bites you!
You hit the iguana.
The iguana is almost dead.
You block the iguana's attack.
You hit the iguana but do no damage.
The iguana is almost dead.
You block the iguana's attack. x2
You hit the iguana.
The iguana is lightly wounded.
You closely miss the iguana. You block the iguana's attack. x2
You hit the iguana.
The iguana is heavily wounded.
You hit the iguana but do no damage. The iguana bites you.
The iguana bites you!
* * * LOW HITPOINT WARNING * * *
The iguana bites you!
* * * LOW HITPOINT WARNING * * *
The iguana bites you.
* * * LOW HITPOINT WARNING * * *
The iguana attacks as you move away! The iguana bites you!
You die...

#### ###...## ##
##......# #.##l@#
...
#.##..##l##....
........>..)....
..###....##.....
##.#.........
##..#.?......#
...#.............
.......<.........
....#...........


You could see 2 iguanas.

Vanquished Creatures
  A black bear (D:4)
  An ogre (D:4)
  Jessica (D:3)
  Terence (D:2)
  Natasha (thrice) (D:4)
  4 gnolls (D:3)
  3 adders (D:2)
  3 worms
  A dart slug (D:2)
  7 orcs
  12 bats
  6 endoplasms
  5 giant cockroaches
  7 hobgoblins
  7 jackals
  3 quokkas
  8 ball pythons
  A frilled lizard (D:3)
  4 goblins
  6 kobolds
  5 rats
89 creatures vanquished.

Notes
Turn   | Place    | Note
-------+----------+-------------------------------------------
     0 | D:1      | Okkudo the Hill Orc Monk began the quest for the Orb.
     0 | D:1      | Reached XP level 1. HP: 19/19 MP: 1/1
   142 | D:1      | Reached XP level 2. HP: 22/27 MP: 2/2
   945 | D:2      | Found a hide-covered altar of Uskayaw.
  1024 | D:2      | Reached skill level 5 in Axes
  1024 | D:2      | Reached XP level 3. HP: 33/33 MP: 3/3
  1041 | D:2      | Found a faded altar of an unknown god.
  1129 | D:2      | Noticed Terence
  1140 | D:2      | Killed Terence
  1141 | D:2      | Reached skill level 6 in Axes
  1141 | D:2      | Reached XP level 4. HP: 18/40 MP: 4/4
  1642 | D:2      | Found a burning altar of Makhleb.
  1975 | D:3      | Noticed Jessica
  1987 | D:3      | Killed Jessica
  1988 | D:3      | Reached skill level 7 in Axes
  1988 | D:3      | Reached XP level 5. HP: 42/46 MP: 5/5
  2259 | D:3      | Found Gushruka's Jewellery Shoppe.
  2284 | D:3      | Found a radiant altar of Vehumet.
  2324 | D:3      | Found a basalt altar of Yredelemnul.
  2587 | D:3      | Found a shimmering altar of Xom.
  2777 | D:3      | Reached skill level 8 in Axes
  2937 | D:4      | Found a staircase to the Ecumenical Temple.
  3210 | D:4      | Noticed Natasha
  3220 | D:4      | Killed Natasha
  3221 | D:4      | Reached XP level 6. HP: 23/52 MP: 6/6
  3400 | D:4      | Noticed a black bear
  3407 | D:4      | Killed a black bear
  3408 | D:4      | Reached skill level 9 in Axes
  3612 | D:4      | Noticed Natasha
  3624 | D:4      | Killed Natasha
  3625 | D:4      | Reached XP level 7. HP: 39/58 MP: 7/7
  3758 | D:4      | Noticed Natasha
  3767 | D:4      | Killed Natasha
  3774 | D:4      | Identified 2 scrolls of acquirement
  3781 | D:5      | Entered Level 5 of the Dungeon
  3790 | D:5      | Reached skill level 10 in Axes
  3800 | D:5      | HP: 2/58 [iguana (4)]
  3801 | D:5      | Mangled by an iguana

Illustrated notes

Levels and vault maps discovered:
D:1:      spicycebolla_arrival_xxxplode, layout_basic, minmay_3d_cube
D:2:      layout_basic, basic_altar, nicolae_ecumenical_snake_handling,
          minmay_hexomino_r4, uniq_terence
D:3:      layout_basic, yredelemnul_altar_generic,
          mainiacjoe_overflow_concentric_impassable,
          lemuel_coloured_pillars_altar, serial_shops, nicolae_shop_tiny_glass,
          wander_ebering_terrifying_dragon_lair, uniq_jessica
D:4:      layout_rooms, minmay_temple_entry_offerings, uniq_natasha
D:5:      layout_cave_pools, evilmike_ruin_ashenzari

Skill      XL: |  1  2  3  4  5  6  7 |
---------------+----------------------+-----
Axes           | 5 6 7 8 9 10 | 10.0
Fighting       | |  3.9
Dodging        | |  2.6

Action                     |  1- 3 |  4- 6 |  7- 9 || total
---------------------------+-------+-------+-------++-------
  Melee: Hand axe          |     9 |       |       ||     9
         War axe           |    66 |   153 |    18 ||   237
  Evoke: Wand              |       |     1 |       ||     1
    Use: Scroll            |       |       |     5 ||     5
 Armour: Robe              |    15 |       |       ||    15
         Chain mail        |       |    76 |     3 ||    79
  Dodge: Dodged            |    61 |    29 |     1 ||    91
  Block: Tower shield      |       |    78 |    12 ||    90
